Map: Prion Terraces

Players

PtitDrogo

  • Race: Protoss Protoss
  • League: Grandmaster

Lambo - Winner!

  • Race: Zerg Zerg
  • League: Grandmaster

Event: 2016 WCS Winter Challenger Europe

VOD

Have the link to the VOD?

Description

Time

  • Played on: Feb. 13, 2016, 11:31 a.m.
  • Length: 8:43

All games in this series

Show
View Real Time Build Order
Export as new Build Order

PtitDrogo Protoss 

Build Orders: 1 Gate Expand, Phoenix Opening, Zealot Archon 

Get SALT Encoding   

  12  0:01  Probe (Chrono Boost)  
  13  0:11  Probe (Chrono Boost)  
  14  0:19  Pylon  
  14  0:22  Probe (Chrono Boost)  
  15  0:37  Probe (Chrono Boost)  
  15  0:40  Gateway  
  16  0:47  Probe (Chrono Boost)  
  16  0:49  Assimilator  
  17  0:58  Probe (Chrono Boost)  
  18  1:08  Probe (Chrono Boost)  
  19  1:20  Nexus  
  19  1:23  Probe (Chrono Boost)  
  20  1:33  Cybernetics Core  
  20  1:36  Probe (Chrono Boost)  
  21  1:41  Assimilator  
  21  1:46  Probe (Chrono Boost)  
  22  1:50  Pylon  
  22  1:57  Probe (Chrono Boost)  
  23  2:08  Probe (Chrono Boost)  
  23  2:12  Stalker (Chrono Boost)  
  26  2:20  Probe  
  27  2:30  Stargate  
  27  2:32  Probe  
  27  2:33  Probe  
  29  2:39  Adept (Chrono Boost)  
  29  2:43  Probe  
  31  2:45  Probe  
  33  2:54  Probe (Chrono Boost)  
  33  2:57  Probe (Chrono Boost)  
  35  3:05  Probe (Chrono Boost)  
  36  3:07  Probe (Chrono Boost)  
  37  3:13  Pylon, Phoenix (Chrono Boost)  
  37  3:14  Probe  
  37  3:18  Probe  
  41  3:24  Mothership Core  
  43  3:31  Probe  
  44  3:35  Phoenix (Chrono Boost)  
  46  3:42  Nexus  
  46  3:43  Probe x2  
  48  3:54  Probe  
  48  3:55  Probe  
  49  3:57  Phoenix (Chrono Boost)  
  49  3:59  Gateway x2  
  52  4:03  Assimilator  
  52  4:04  Probe  
  52  4:07  Probe, Assimilator  
  54  4:12  Pylon  
  54  4:13  Pylon  
  54  4:18  Warp Gate (Chrono Boost)  
  54  4:27  Phoenix  
  54  4:30  Probe x2  
  58  4:35  Forge  
  58  4:41  Robotics Facility  
  58  4:42  Probe  
  59  4:47  Robotics Facility  
  59  4:48  Probe  
  60  4:53  Probe  
  60  4:54  Probe  
  60  4:58  Phoenix  
  62  5:00  Probe  
  62  5:04  Probe  
  65  5:22  Probe  
  65  5:31  Phoenix  
  67  5:36  Probe  
  67  5:37  Immortal x2  
  67  5:39  Assimilator  
  67  5:41  Assimilator  
  76  5:45  Protoss Ground Weapons Level 1 (Chrono Boost)  
  76  5:50  Probe  
  76  5:53  Gateway  
  76  5:55  Gateway  
  77  5:58  Gateway  
  77  6:01  Gateway  
  77  6:04  Probe  
  78  6:11  Twilight Council  
  78  6:12  Pylon x2  
  78  6:14  Pylon  
  78  6:15  Pylon  
  78  6:17  Pylon  
  80  6:22  Immortal  
  82  6:30  Immortal (Chrono Boost)  
  86  6:34  Zealot x2  
  86  6:35  Zealot  
  92  6:40  Gateway  
  92  6:41  Gateway  
  92  6:42  Phoenix  
  92  6:44  Gateway  
  94  6:47  Pylon, Charge (Chrono Boost)  
  94  6:49  Pylon  
  94  6:51  Templar Archives  
  94  6:53  Zealot x2  
  98  6:54  Pylon  
  98  7:07  Observer (Chrono Boost)  
  99  7:12  Zealot x4  
  99  7:13  Zealot x3  
  113  7:21  Photon Cannon  
  107  7:31  Immortal (Chrono Boost)  
  107  7:36  Immortal (Chrono Boost)  
  107  7:37  Zealot x3  
  121  7:45  Zealot x3  
  127  7:51  Pylon  
  127  7:53  Pylon, High Templar  
  127  7:54  High Templar  
  127  7:58  Archon  
  119  8:08  Zealot x5  
  101  8:19  Zealot x3  
  79  8:26  Zealot x2  
  75  8:30  Zealot x2  
  75  8:33  Zealot x2  
  71  8:36  Zealot  
Show
View Real Time Build Order
Export as new Build Order

Lambo Zerg - Winner!

Build Orders: 3 Hatch before Pool 

Get SALT Encoding   

  12  0:00  Drone  
  13  0:12  Overlord  
  13  0:20  Drone  
  14  0:31  Drone x2  
  16  0:36  Drone  
  17  0:52  Hatchery  
  17  0:55  Drone  
  17  0:58  Drone  
  18  1:19  Hatchery  
  18  1:20  Drone  
  18  1:29  Drone  
  19  1:37  Spawning Pool  
  19  1:39  Drone  
  19  1:42  Extractor  
  18  1:47  Drone  
  18  1:52  Drone  
  20  2:07  Drone  
  21  2:09  Drone  
  22  2:16  Drone  
  22  2:18  Drone  
  24  2:25  Queen x2  
  24  2:27  Overlord  
  28  2:30  Drone  
  28  2:36  Queen  
  31  2:42  Zergling x2  
  32  2:48  Drone x4  
  36  2:52  Overlord  
  36  2:55  Metabolic Boost  
  36  2:59  Drone x2  
  38  3:06  Overlord  
  38  3:14  Queen  
  38  3:16  Zergling x4  
  41  3:21  Overlord  
  41  3:24  Drone x3  
  44  3:27  Roach Warren  
  44  3:28  Drone  
  44  3:31  Drone x2  
  46  3:35  Drone x2  
  46  3:37  Extractor  
  46  3:40  Overlord  
  47  3:41  Drone x2  
  49  3:49  Spore Crawler  
  48  3:58  Zergling x8  
  48  3:59  Zergling x4  
  48  4:01  Overlord  
  48  4:02  Lair  
  55  4:05  Extractor  
  55  4:08  Drone x3  
  55  4:09  Overlord  
  57  4:11  Extractor  
  57  4:12  Drone x2  
  57  4:14  Spore Crawler  
  57  4:16  Overlord, Spore Crawler  
  56  4:20  Overlord  
  56  4:21  Drone x3  
  59  4:24  Drone x2  
  59  4:28  Spore Crawler  
  59  4:29  Drone x2  
  59  4:30  Drone  
  63  4:31  Drone  
  63  4:35  Drone x2  
  63  4:36  Drone  
  66  4:41  Overlord  
  66  4:42  Extractor  
  66  4:44  Drone x4  
  69  4:51  Evolution Chamber  
  67  4:54  Overlord  
  67  4:55  Overlord  
  67  4:59  Overlord  
  67  5:01  Drone  
  67  5:02  Drone  
  67  5:03  Drone x2  
  67  5:06  Queen  
  72  5:07  Hydralisk Den  
  68  5:22  Drone x2  
  68  5:23  Zerg Missile Weapons Level 1, Glial Reconstitution  
  68  5:24  Overlord x2, Extractor  
  65  5:32  Overlord  
  65  5:34  Overlord  
  65  5:35  Drone  
  64  5:37  Overlord  
  64  5:46  Hydralisk x4, Muscular Augments  
  64  5:47  Hydralisk  
  74  5:51  Drone x3, Hatchery  
  76  6:01  Hydralisk x3  
  76  6:02  Hydralisk  
  81  6:06  Drone  
  81  6:07  Drone x2  
  81  6:10  Hydralisk x3  
  90  6:16  Hydralisk  
  90  6:17  Hydralisk x2  
  95  6:27  Drone  
  95  6:28  Hydralisk  
  95  6:29  Hydralisk x3  
  99  6:34  Roach x2  
  99  6:35  Roach x2  
  111  6:40  Roach x2  
  111  6:49  Roach x4  
  111  6:50  Roach x2  
  111  6:54  Roach x3  
  129  6:57  Roach  
  129  6:58  Roach  
  133  7:05  Roach  
  133  7:06  Roach x4  
  141  7:12  Roach x2  
  141  7:15  Roach x2  
  149  7:17  Overlord  
  149  7:18  Roach x2  
  153  7:24  Roach x3  
  159  7:31  Overlord  
  159  7:39  Roach x4  
  165  7:45  Hydralisk x3  
  165  7:51  Roach x4  
  159  8:06  Hydralisk x4  
  159  8:11  Zergling x4  
  159  8:12  Zergling x14  
Tags
 
Add a new tag
Caveats
  • Supply blocks, unpowered buildings, or Contaminate may cause inaccurate times.
  • Supply counts are checked every 10 seconds.